 Dungeon Crawl Stone Soup version bcrawl-1.13.1-9-ga81ed0b431 (webtiles) character file.

Game seed: 10257715119340777970

48 Revguard the Ducker (level 3, -1/42 HPs)
             Began as a Demigod Archaeologist on Aug 7, 2019.
             Succumbed to a kobold's poison
             ... on level 2 of the Dungeon.
             The game lasted 00:04:25 (1341 turns).

Revguard the Ducker (Demigod Archaeologist)         Turns: 1341, Time: 00:04:26

Health: -1/42      AC: 21    Str: 15    XL:     3   Next: 50%
Magic:  6/6        EV:  2    Int: 18    God:    Demigod [*.....]
Gold:   73         SH:  0    Dex: 17    Spells: 2/2 levels left

rFire    . . .     SeeInvis .   j - +0 hand axe
rCold    . . .     Gourm    .   (no shield)
rNeg     + + +     Faith    .   (armour currently unavailable)
rPois    +         Spirit   .   (helmet currently unavailable)
rElec    .         Reflect  .   (cloak currently unavailable)
rCorr    .         Harm     .   (gloves currently unavailable)
MR       .....     NoTele   +   (boots currently unavailable)
Stlth    ++........             (no amulet)
HPRegen  0.14/turn              (no ring)
MPRegen  0.10/turn              (no ring)

@: lethally poisoned (-1 -> -26), tree-form, studying Evocations
A: high mp 1
a: Temporal Distortion


You were on level 2 of the Dungeon.
You worshipped Demigod.
Demigod was aware of your devotion.
You were hungry.
You were a tree.
You visited 1 branch of the dungeon, and saw 2 of its levels.

You collected 73 gold pieces.

Inventory:

Hand Weapons
 j - a +0 hand axe (weapon)
Armour
 b - a +1 robe (melded)
 c - a +1 hat (melded)
 d - a +1 pair of boots (melded)
Scrolls
 k - a scroll of remove curse
Potions
 l - 2 potions of haste
Books
 e - a manual of Evocations
Miscellaneous
 f - an ancient crate
Comestibles
 a - 4 chunks of flesh
 g - 6 rations {!d}


   Skills:
 * Level 1.0 Fighting
   Level 0.1 Short Blades
 + Level 0.1(0.5) Axes
   Level 0.8(0.9) Maces & Flails
 * Level 0.9 Armour
 + Level 3.5 Dodging
 - Level 3.0 Stealth
 * Level 1.7 Invocations
 * Level 0.4 Evocations


You had 2 spell levels left.
You didn't know any spells.
Your spell library was empty.

Dungeon Overview and Level Annotations

Branches:
Dungeon (2/12)


Innate Abilities, Weirdness & Mutations

You have an increased reservoir of magic. (+10% MP)


Message History

The poisoned needle hits you!
You are more poisoned.
* * * LOW HITPOINT WARNING * * *
You feel sick.
The kobold shoots a poisoned needle.
The poisoned needle hits you!
You are more poisoned.
* * * LOW HITPOINT WARNING * * *
You feel very sick.
The kobold shoots a poisoned needle.
The poisoned needle hits you!
* * * LOW HITPOINT WARNING * * *
You feel sick.
The kobold shoots a poisoned needle.
The poisoned needle barely misses you.
* * * LOW HITPOINT WARNING * * *
You feel very sick.
The kobold shoots a poisoned needle.
The poisoned needle hits you!
* * * LOW HITPOINT WARNING * * *
You feel sick.
The kobold shoots a poisoned needle.
The poisoned needle completely misses you.
You die...
Your divinity fades.

###.##########.
...............
#.........K....
#............ .
.......... .. #
#.#....# #.. #.#.#....#
..
..###.#.#....####.####.
.............K†♣.......
#.#####.#########......
#.......#### #.###
...(.......# #
##########.#######
#............# #
#............##.###
#..................
#..................


You could see a kobold.

Vanquished Creatures
  An adder (D:2)
  A worm (D:2)
  A dart slug (D:1)
  3 leopard geckos (D:1)
  A giant cockroach (D:1)
  6 goblins
  A hobgoblin (D:2)
  6 kobolds
  A quokka (D:2)
  2 bats
  A frilled lizard (D:2)
  4 rats (D:2)
28 creatures vanquished.

Notes
Turn   | Place    | Note
-------+----------+-------------------------------------------
     0 | D:1      | Revguard the Demigod Archaeologist began the quest for the
                  | Orb.
     0 | D:1      | Reached XP level 1. HP: 15/15 MP: 3/3
   189 | D:1      | Reached XP level 2. HP: 13/22 MP: 4/4
   347 | D:1      | Reached skill level 1 in Invocations
   927 | D:2      | Found a white marble altar of Elyvilon.
   983 | D:2      | Found a basalt altar of Yredelemnul.
  1086 | D:2      | Reached XP level 3. HP: 27/27 MP: 6/6
  1154 | D:2      | Reached * piety under Demigod
  1265 | D:2      | Reached skill level 1 in Fighting
  1340 | D:2      | HP: 1/42 [poisoned by a kobold]
  1341 | D:2      | Succumbed to a kobold's poison

Skill      XL: |  1  2  3 |
---------------+----------+-----
Dodging        | 3 |  3.5
Invocations    | 1 |  1.7
Fighting       | 1 |  1.0
Short Blades   | |  0.1
Axes           | |  0.1
Maces & Flails | |  0.8
Armour         | |  0.9
Stealth        | |  3.0
Evocations     | |  0.4

Action                   || total
-------------------------++-------
Melee: Whip              ||    13
       Short sword       ||    54
       Hand axe          ||    65
  Use: Scroll            ||     3
       Potion            ||     1
 Stab: Sleeping          ||     6
  Eat: Chunk             ||     1
Armor: Robe              ||    39
       Skin              ||     4
Dodge: Dodged            ||   119
